| TOP OF THE 1ST |
|
Madison Brewers batting - Pitching for Miami Beach Marlins : RHP Conrad Chasar
|
|
Pitching: RHP Conrad Chasar
|
|
|
Batting: LHB Andy Buschlen
|
0-0: Ball 1-0: Swinging Strike 1-1: Ball 2-1: Swinging Strike 2-2: Fly out, F8 (Flyball, 89D, EV 90.6 MPH)
|
|
Batting: LHB Jose Simental
|
0-0: Called Strike 0-1: Fly out, F8 (Flyball, 78M, EV 93.1 MPH)
|
|
Batting: LHB Bill Kovac
|
0-0: Called Strike 0-1: Called Strike 0-2: Strikes out looking
|
| Top of the 1st over - 0 runs, 0 hits, 0 errors, 0 left on base; Madison 0 - Miami Beach 0 |
| BOTTOM OF THE 1ST |
|
Miami Beach Marlins batting - Pitching for Madison Brewers : RHP Dillon Atkinson
|
|
Pitching: RHP Dillon Atkinson
|
|
|
Batting: LHB Luis Ortegon
|
0-0: Ball 1-0: Ball 2-0: Foul Ball, location: 2F 2-1: Called Strike 2-2: Strikes out swinging
|
|
Batting: RHB Chris Harlow
|
0-0: Ball 1-0: Called Strike 1-1: Foul Ball, location: 2F 1-2: Foul Ball, location: 2F 1-2: Ball 2-2: Strikes out swinging
|
|
Batting: RHB Torquato Uso
|
0-0: Ball 1-0: Ball 2-0: Ground out 4-3 (Groundball, 4, EV 106.2 MPH)
|
| Bottom of the 1st over - 0 runs, 0 hits, 0 errors, 0 left on base; Madison 0 - Miami Beach 0 |
| TOP OF THE 2ND |
|
Madison Brewers batting - Pitching for Miami Beach Marlins : RHP Conrad Chasar
|
|
Batting: RHB Jelani Griffin
|
0-0: Foul Ball, location: 2F 0-1: Swinging Strike 0-2: Foul Ball, location: 2F 0-2: Ball 1-2: Foul Ball, location: 2F 1-2: Foul Ball, location: 2F 1-2: Foul Ball, location: 2F 1-2: Foul Ball, location: 2F 1-2: Ball 2-2: Ground out 6-3 (Groundball, 6M, EV 95.0 MPH)
|
|
Batting: LHB Tony Hasbun
|
0-0: Swinging Strike 0-1: Foul Ball, location: 2F 0-2: Fly out, F4 (Flyball, 34D, EV 81.2 MPH)
|
|
Batting: RHB Steve Brock
|
0-0: Called Strike 0-1: Ball 1-1: Ball 2-1: Called Strike 2-2: Ball 3-2: Foul Ball, location: 2F 3-2: SINGLE (Groundball, 6MD, EV 94.4 MPH)
|
|
Batting: RHB Fernando Mejia
|
0-0: Called Strike 0-1: Ball 1-1: Ball 2-1: Foul Ball, location: 2F 2-2: Strikes out looking
|
| Top of the 2nd over - 0 runs, 1 hit, 0 errors, 1 left on base; Madison 0 - Miami Beach 0 |
| BOTTOM OF THE 2ND |
|
Miami Beach Marlins batting - Pitching for Madison Brewers : RHP Dillon Atkinson
|
|
Batting: SHB Emmet Brickowski
|
0-0: Called Strike 0-1: Called Strike 0-2: Ball 1-2: Ball 2-2: Ground out 4-3 (Groundball, 4, EV 107.5 MPH)
|
|
Batting: LHB Henry Huezo
|
0-0: Ball 1-0: Swinging Strike 1-1: Swinging Strike 1-2: Foul Ball, location: 2F 1-2: Strikes out swinging
|
|
Batting: RHB Josh Jones
|
0-0: Ball 1-0: SINGLE (Line Drive, 9S, EV 106.2 MPH)
|
|
Batting: RHB Melvin Nava
|
0-0: Ball 1-0: Ground out 4-3 (Groundball, 4, EV 98.8 MPH)
|
| Bottom of the 2nd over - 0 runs, 1 hit, 0 errors, 1 left on base; Madison 0 - Miami Beach 0 |
| TOP OF THE 3RD |
|
Madison Brewers batting - Pitching for Miami Beach Marlins : RHP Conrad Chasar
|
|
Batting: RHB Malcolm McCauley
|
0-0: Ball 1-0: Ball 2-0: Ball 3-0: Base on Balls
|
|
Batting: RHB Kelan Rae
|
0-0: Grounds into double play, 5-4-3 (Groundball, 56S, EV 85.6 MPH)
|
|
Batting: LHB Andy Buschlen
|
0-0: Swinging Strike 0-1: Ball 1-1: Ball 2-1: Ball 3-1: Base on Balls
|
|
Batting: LHB Jose Simental
|
0-0: Called Strike Andy Buschlen steals 2nd base (no throw) 0-1: Ball 1-1: Foul Ball, location: 2F 1-2: Ball 2-2: Ball 3-2: Foul Ball, location: 2F 3-2: Foul Ball, location: 2F 3-2: Strikes out looking
|
| Top of the 3rd over - 0 runs, 0 hits, 0 errors, 1 left on base; Madison 0 - Miami Beach 0 |
| BOTTOM OF THE 3RD |
|
Miami Beach Marlins batting - Pitching for Madison Brewers : RHP Dillon Atkinson
|
|
Batting: RHB Francisco Valenzuela
|
0-0: Called Strike 0-1: Foul Ball, location: 2F 0-2: Strikes out swinging
|
|
Batting: RHB Hektor Luvian
|
0-0: Ball 1-0: Foul Ball, location: 2F 1-1: Called Strike 1-2: Ball 2-2: Strikes out swinging
|
|
Batting: LHB Luis Ortegon
|
0-0: Ball 1-0: Foul Ball, location: 2F 1-1: Ball 2-1: Ball 3-1: Called Strike 3-2: TRIPLE (Flyball, 89XD, EV 103.1 MPH)
|
|
Batting: RHB Chris Harlow
|
0-0: Ball 1-0: Ball 2-0: Foul Ball, location: 2F 2-1: Ball 3-1: Called Strike 3-2: Foul Ball, location: 2F 3-2: Foul Ball, location: 2F 3-2: 2-RUN HOME RUN (Flyball, 7LD, EV 96.9 MPH), Distance : 370 ft
|
|
Batting: RHB Torquato Uso
|
0-0: Ball 1-0: Called Strike 1-1: Swinging Strike 1-2: Strikes out swinging
|
| Bottom of the 3rd over - 2 runs, 2 hits, 0 errors, 0 left on base; Madison 0 - Miami Beach 2 |
| TOP OF THE 4TH |
|
Madison Brewers batting - Pitching for Miami Beach Marlins : RHP Conrad Chasar
|
|
Batting: LHB Bill Kovac
|
0-0: Ball 1-0: Swinging Strike 1-1: DOUBLE (Groundball, 3L, EV 102.5 MPH)
|
|
Batting: RHB Jelani Griffin
|
0-0: Ball 1-0: Swinging Strike 1-1: Ball 2-1: Foul Ball, location: 2F 2-2: Foul Ball, location: 2F 2-2: Ball 3-2: 2-RUN HOME RUN (Flyball, 7D, EV 101.2 MPH), Distance : 401 ft
|
|
Batting: LHB Tony Hasbun
|
0-0: Ball 1-0: Ball 2-0: Ball 3-0: Base on Balls
|
|
Batting: RHB Steve Brock
|
0-0: Ball 1-0: Ball 2-0: Foul Ball, location: 2F 2-1: Fly out, F8 (Line Drive, 8LM, EV 104.4 MPH)
|
|
Batting: RHB Fernando Mejia
|
0-0: Ground out 5-3 (Groundball, 5S, EV 71.9 MPH) Tony Hasbun to second
|
|
Batting: RHB Malcolm McCauley
|
0-0: Called Strike 0-1: Ball 1-1: Swinging Strike 1-2: Ground out 4-3 (Groundball, 4, EV 90.0 MPH)
|
| Top of the 4th over - 2 runs, 2 hits, 0 errors, 1 left on base; Madison 2 - Miami Beach 2 |
| BOTTOM OF THE 4TH |
|
Miami Beach Marlins batting - Pitching for Madison Brewers : RHP Dillon Atkinson
|
|
Batting: SHB Emmet Brickowski
|
0-0: Ball 1-0: Ball 2-0: Ground out 4-3 (Groundball, 34, EV 110.0 MPH)
|
|
Batting: LHB Henry Huezo
|
0-0: Ball 1-0: Ball 2-0: Ball 3-0: Called Strike 3-1: Base on Balls
|
|
Batting: RHB Josh Jones
|
0-0: Foul Ball, location: 2F 0-1: Swinging Strike 0-2: Ball 1-2: Strikes out swinging
|
|
Batting: RHB Melvin Nava
|
0-0: Ball 1-0: SINGLE (Line Drive, 8LS, EV 104.4 MPH) Henry Huezo to second Runner from 2nd tries for 3rd, SAFE, throw by CF made to third
|
|
Batting: RHB Francisco Valenzuela
|
0-0: Ball 1-0: Called Strike 1-1: Foul Ball, location: 2F 1-2: Strikes out swinging
|
| Bottom of the 4th over - 0 runs, 1 hit, 0 errors, 2 left on base; Madison 2 - Miami Beach 2 |
| TOP OF THE 5TH |
|
Madison Brewers batting - Pitching for Miami Beach Marlins : RHP Conrad Chasar
|
|
Batting: RHB Kelan Rae
|
0-0: Ground out 6-3 (Groundball, 6, EV 103.8 MPH)
|
|
Batting: LHB Andy Buschlen
|
0-0: Called Strike 0-1: Ball 1-1: Ground out 6-3 (Groundball, 6M, EV 83.1 MPH)
|
|
Batting: LHB Jose Simental
|
0-0: Called Strike 0-1: Ball 1-1: Ball 2-1: Foul Ball, location: 2F 2-2: Ball 3-2: Foul Ball, location: 2F 3-2: Foul Ball, location: 2F 3-2: TRIPLE (Flyball, 78XD, EV 110.6 MPH)
|
|
Batting: LHB Bill Kovac
|
0-0: Called Strike 0-1: Ball 1-1: 2-RUN HOME RUN (Flyball, 78XD, EV 112.5 MPH), Distance : 432 ft
|
|
Batting: RHB Jelani Griffin
|
0-0: Ball 1-0: Called Strike 1-1: SINGLE (Groundball, 6MD, EV 96.9 MPH)
|
|
Batting: LHB Tony Hasbun
|
0-0: Called Strike 0-1: Ball 1-1: Swinging Strike 1-2: Foul Ball, location: 2F 1-2: SINGLE (Line Drive, 8LS, EV 109.4 MPH) Jelani Griffin to second
|
|
Batting: RHB Steve Brock
|
0-0: Foul Ball, location: 2F 0-1: Swinging Strike 0-2: Strikes out swinging
|
| Top of the 5th over - 2 runs, 4 hits, 0 errors, 2 left on base; Madison 4 - Miami Beach 2 |
| BOTTOM OF THE 5TH |
|
Miami Beach Marlins batting - Pitching for Madison Brewers : RHP Dillon Atkinson
|
|
Batting: RHB Hektor Luvian
|
0-0: Called Strike 0-1: Ball 1-1: Called Strike 1-2: SINGLE (Line Drive, 9LM, EV 103.8 MPH)
|
|
Batting: LHB Luis Ortegon
|
0-0: Grounds into double play, 6-4-3 (Groundball, 6, EV 91.2 MPH)
|
|
Batting: RHB Chris Harlow
|
0-0: Called Strike 0-1: Foul Ball, location: 2F 0-2: Ball 1-2: Ball 2-2: Strikes out looking
|
| Bottom of the 5th over - 0 runs, 1 hit, 0 errors, 0 left on base; Madison 4 - Miami Beach 2 |
| TOP OF THE 6TH |
|
Madison Brewers batting - Pitching for Miami Beach Marlins : RHP Conrad Chasar
|
|
Batting: RHB Fernando Mejia
|
0-0: Ground out 5-3 (Groundball, 56, EV 106.2 MPH)
|
|
Batting: RHB Malcolm McCauley
|
0-0: Ball 1-0: Called Strike 1-1: Ball 2-1: Foul Ball, location: 2F 2-2: Foul Ball, location: 2F 2-2: Ground out 6-3 (Groundball, 6, EV 78.1 MPH)
|
|
Batting: RHB Kelan Rae
|
0-0: Called Strike 0-1: Ball 1-1: Fly out, F8 (Flyball, 8RXD, EV 106.2 MPH)
|
| Top of the 6th over - 0 runs, 0 hits, 0 errors, 0 left on base; Madison 4 - Miami Beach 2 |
| BOTTOM OF THE 6TH |
|
Miami Beach Marlins batting - Pitching for Madison Brewers : RHP Dillon Atkinson
|
|
Pitching: RHP Angel Pacheco
|
|
|
Batting: RHB Torquato Uso
|
0-0: Foul Ball, location: 2F 0-1: Swinging Strike 0-2: Strikes out swinging
|
|
Batting: SHB Emmet Brickowski
|
0-0: Ball 1-0: Ball 2-0: Swinging Strike 2-1: Ball 3-1: Fly out, F8 (Flyball, 8LM, EV 90.0 MPH)
|
|
Batting: LHB Henry Huezo
|
0-0: Fly out, F3 (Popup, 3F, EV 64.4 MPH)
|
| Bottom of the 6th over - 0 runs, 0 hits, 0 errors, 0 left on base; Madison 4 - Miami Beach 2 |
| TOP OF THE 7TH |
|
Madison Brewers batting - Pitching for Miami Beach Marlins : RHP Conrad Chasar
|
|
Pitching: RHP Konoye Murakami
|
|
|
Batting: LHB Andy Buschlen
|
0-0: Fly out, F8 (Flyball, 78S, EV 91.2 MPH)
|
|
Batting: LHB Jose Simental
|
0-0: Ball 1-0: Ball 2-0: Called Strike 2-1: Swinging Strike 2-2: Strikes out swinging
|
|
Batting: LHB Bill Kovac
|
0-0: Fly out, F5 (Popup, 15, EV 80.0 MPH)
|
| Top of the 7th over - 0 runs, 0 hits, 0 errors, 0 left on base; Madison 4 - Miami Beach 2 |
| BOTTOM OF THE 7TH |
|
Miami Beach Marlins batting - Pitching for Madison Brewers : RHP Angel Pacheco
|
|
Batting: RHB Josh Jones
|
0-0: SINGLE (Groundball, 56D, EV 95.6 MPH)
|
|
Batting: RHB Melvin Nava
|
0-0: Called Strike 0-1: Ball 1-1: Called Strike 1-2: Foul Ball, location: 2F 1-2: Ball 2-2: Foul Ball, location: 2F 2-2: Ball 3-2: TRIPLE (Flyball, 89XD, EV 105.0 MPH) Josh Jones scores
|
|
Batting: RHB Francisco Valenzuela
|
0-0: Ball 1-0: Ball 2-0: Ball 3-0: Called Strike 3-1: Ground out U3 (Groundball, 3S, EV 93.1 MPH)
|
|
Batting: RHB Corbin Chauvin
|
0-0: Ball 1-0: Foul Ball, location: 2F 1-1: Swinging Strike 1-2: Foul Ball, location: 2F 1-2: Ball 2-2: Foul Ball, location: 2F 2-2: Foul Ball, location: 2F 2-2: SINGLE (Line Drive, 4MD, EV 95.0 MPH) Melvin Nava scores
|
|
Pitching: LHP Ramiro Lunas
|
|
|
Pinch Hitting: RHB Scott Talbot
|
0-0: Called Strike 0-1: Foul Ball, location: 2F 0-2: Ball 1-2: Ball 2-2: Ball 3-2: Grounds into double play, 6-4-3 (Groundball, 56D, EV 110.0 MPH)
|
| Bottom of the 7th over - 2 runs, 3 hits, 0 errors, 0 left on base; Madison 4 - Miami Beach 4 |
| TOP OF THE 8TH |
|
Madison Brewers batting - Pitching for Miami Beach Marlins : RHP Konoye Murakami
|
|
Now in RF: Cody Leonard
|
|
|
Batting: RHB Jelani Griffin
|
0-0: Called Strike 0-1: Ground out 4-3 (Groundball, 4M, EV 97.5 MPH)
|
|
Batting: LHB Tony Hasbun
|
0-0: SINGLE (Groundball, 6M, EV 109.4 MPH) (infield hit)
|
|
Pinch Hitting: LHB Fumito Sakurai
|
0-0: Ball 1-0: Ball 2-0: Foul Ball, location: 2F 2-1: Foul Ball, location: 2F 2-2: Fly out, F2 (Popup, 2RF, EV 86.9 MPH)
|
|
Pinch Hitting: LHB Danny Roberts
|
0-0: Ball 1-0: Called Strike 1-1: Ball 2-1: Foul Ball, location: 2F 2-2: Ball 3-2: Foul Ball, location: 2F 3-2: Foul Ball, location: 2F 3-2: 2-RUN HOME RUN (Line Drive, 8LXD, EV 116.9 MPH), Distance : 448 ft
|
|
Batting: RHB Malcolm McCauley
|
0-0: Called Strike 0-1: Ball 1-1: Ground out 6-3 (Groundball, 6, EV 85.0 MPH)
|
| Top of the 8th over - 2 runs, 2 hits, 0 errors, 0 left on base; Madison 6 - Miami Beach 4 |
| BOTTOM OF THE 8TH |
|
Miami Beach Marlins batting - Pitching for Madison Brewers : LHP Ramiro Lunas
|
|
Pitching: RHP Noah Peek
|
|
|
Now at C: Adam Angeles
|
|
|
Now at 3B: Dave Guevara
|
|
|
Batting: RHB Chris Harlow
|
0-0: Called Strike 0-1: Called Strike 0-2: Ball 1-2: Strikes out swinging
|
|
Batting: RHB Torquato Uso
|
0-0: Ball 1-0: Ground out 6-3 (Groundball, P, EV 91.2 MPH)
|
|
Batting: SHB Emmet Brickowski
|
0-0: Ball 1-0: Foul Ball, location: 2F 1-1: Ground out 4-3 (Groundball, 4, EV 106.9 MPH)
|
| Bottom of the 8th over - 0 runs, 0 hits, 0 errors, 0 left on base; Madison 6 - Miami Beach 4 |
| TOP OF THE 9TH |
|
Madison Brewers batting - Pitching for Miami Beach Marlins : RHP Konoye Murakami
|
|
Batting: RHB Tristan Smeets
|
0-0: Called Strike 0-1: Foul Ball, location: 2F 0-2: Fly out, F8 (Flyball, 8LM, EV 85.6 MPH)
|
|
Pitching: LHP Tom Boyko
|
|
|
Batting: LHB Andy Buschlen
|
0-0: Ball 1-0: Ball 2-0: Ball 3-0: Called Strike 3-1: Base on Balls
|
|
Batting: LHB Jose Simental
|
0-0: Ball Pickoff Throw to First - Out! 1-3 1-0: Swinging Strike 1-1: Ball 2-1: Ball 3-1: Called Strike 3-2: Ground out 4-3 (Groundball, 4M, EV 84.4 MPH)
|
| Top of the 9th over - 0 runs, 0 hits, 0 errors, 0 left on base; Madison 6 - Miami Beach 4 |
| BOTTOM OF THE 9TH |
|
Miami Beach Marlins batting - Pitching for Madison Brewers : RHP Noah Peek
|
|
Pitching: RHP Franklin Arroyo
|
|
|
Now in LF: Sammar Wambugu
|
|
|
Pinch Hitting: RHB Orlando Melendres
|
0-0: Ball 1-0: Ball 2-0: Ball 3-0: Called Strike 3-1: Foul Ball, location: 2F 3-2: SINGLE (Groundball, 6MD, EV 110.0 MPH)
|
|
Pinch Hitting: LHB Takao Ogura
|
0-0: Called Strike 0-1: Ball 1-1: Foul Ball, location: 2F 1-2: Ball 2-2: Strikes out swinging
|
|
Batting: RHB Melvin Nava
|
0-0: Called Strike 0-1: Swinging Strike 0-2: Strikes out swinging
|
|
Pinch Hitting: SHB Brent King
|
0-0: Foul Ball, location: 2F 0-1: Ball 1-1: Foul Ball, location: 2F 1-2: Strikes out looking
|
| Bottom of the 9th over - 0 runs, 1 hit, 0 errors, 1 left on base; Madison 6 - Miami Beach 4 |
|